 Dungeon Crawl Stone Soup version 0.23-a0-639-ga9a3373 (webtiles) character file.

89735 Slobodan the Destroyer (level 15, -8/100 HPs)
             Began as a Gargoyle Fire Elementalist on Dec 9, 2018.
             Was the Champion of Vehumet.
             Mangled by melvinkitnick's ghost (37 damage)
             ... on level 1 of the Snake Pit on Dec 29, 2018.
             The game lasted 04:22:41 (23550 turns).

Slobodan the Destroyer (GrFE)                      Turns: 23550, Time: 04:22:41

Health: -8/100     AC: 27    Str: 26    XL:     15   Next: 98%
Magic:  28/28      EV: 19    Int: 24    God:    Vehumet [******]
Gold:   1320       SH: 11    Dex: 11    Spells: 11/32 levels left

rFire    + . .     SeeInvis .   a - +6 demon whip (freeze)
rCold    + . .     Gourm    .   N - +3 warlock's mirror {reflect}
rNeg     + + +     Faith    .   E - +3 robe of Boigor {Str+5 Int+3}
rPois    ∞         Spirit   .   d - +2 hat of Impermeability {rC+}
rElec    +         Reflect  +   y - +2 cloak
rCorr    .         Harm     .   G - +2 pair of gloves
MR       +++..                  f - +2 pair of boots
Stlth    ++++......             F - amulet of the acrobat
HPRegen  0.26/turn              l - ring of protection from magic
MPRegen  0.21/turn              e - ring "Kaxoun" {rF+ rN++ MR+ Str+3 Dex-4}

@: mighty, agile, flying, hasted, very quick
A: big wings, fangs 1, large bone plates 1, negative energy resistance 1,
electricity resistance, unbreathing, petrification resistance, rot immunity,
sturdy frame 1, AC +11
a: Stop Flying, Renounce Religion


You were on level 1 of the Snake Pit.
You worshipped Vehumet.
Vehumet was exalted by your worship.
You were not hungry.

You visited 5 branches of the dungeon, and saw 23 of its levels.
You also visited: Gauntlet.

You collected 2549 gold pieces.
You spent 1229 gold pieces at shops.

Inventory:

Hand Weapons
 a - a +6 demon whip of freezing (weapon)
Armour
 d - the +2 hat of Impermeability (worn) {rC+}
   (You found it in a Gauntlet)

   It protects you from cold.
 f - a +2 pair of boots (worn)
 y - a +2 cloak (worn)
 E - the +3 robe of Boigor (worn) {Str+5 Int+3}
   (You found it on level 4 of the Dungeon)

   It affects your strength (+5).
   It affects your intelligence (+3).
 G - a +2 pair of gloves (worn)
 N - the +3 warlock's mirror (worn) {reflect}
   (You found it on level 11 of the Dungeon)
Jewellery
 b - the ring "Najuma" {rC+ Dex+2}
   (You took it off a minotaur in a Gauntlet)

   [ring of protection from cold]

   It affects your dexterity (+2).
   It protects you from cold.
 e - the ring "Kaxoun" (right hand) {rF+ rN++ MR+ Str+3 Dex-4}
   (You found it in a Gauntlet)

   [ring of protection from magic]

   It affects your strength (+3).
   It affects your dexterity (-4).
   It protects you from fire.
   It greatly protects you from negative energy.
   It affects your resistance to hostile enchantments.
 l - a ring of protection from magic (left hand)
 F - an amulet of the acrobat (around neck)
 T - the ring "Effis" {rF++ Int-4 Dex+4 SInv Stlth+}
   (You found it on level 6 of the Lair of Beasts)

   [ring of see invisible]

   It affects your intelligence (-4).
   It affects your dexterity (+4).
   It greatly protects you from fire.
   It lets you see invisible.
   It makes you more stealthy.
Wands
 j - a wand of random effects (47)
 s - a wand of clouds (8)
 x - a wand of disintegration (1)
 z - a wand of iceblast (4)
 B - a wand of polymorph (21)
 J - a wand of flame (56)
 R - a wand of acid (20)
 V - a wand of paralysis (5)
 W - a wand of scattershot (3)
Scrolls
 h - 14 scrolls of teleportation
 o - 3 scrolls of immolation
 p - 3 scrolls of blinking
 r - 6 scrolls of remove curse
 t - 6 scrolls of fear
 v - 2 scrolls of magic mapping
 A - a scroll of enchant armour
 L - a scroll of summoning
 M - 3 scrolls of fog
 Q - a scroll of identify
Potions
 g - 2 potions of cancellation
 i - 12 potions of curing
 k - 4 potions of agility
 n - 4 potions of heal wounds
 C - a potion of lignification
 H - 2 potions of might
 I - a potion of magic
 S - a potion of brilliance
Miscellaneous
 U - a lightning rod (2/4)
Comestibles
 c - 30 rations


   Skills:
 + Level 14.1 Fighting
 + Level 9.6 Maces & Flails
 - Level 5.0 Dodging
 + Level 4.9 Stealth
 - Level 4.0 Shields
 - Level 9.2 Spellcasting
 + Level 14.3 Conjurations
 * Level 13.7 Fire Magic
 + Level 3.1 Evocations


You had 11 spell levels left.
You knew the following spells:

 Your Spells              Type           Power        Failure   Level  Hunger
a - Flame Tongue          Conj/Fire      #####        0%          1    None
b - Throw Flame           Conj/Fire      ######       1%          2    None
c - Conjure Flame         Conj/Fire      ######..     1%          3    None
d - Sticky Flame          Conj/Fire      ######..     1%          4    ##.....
e - Fireball              Conj/Fire      ######....   1%          5    ####...
f - Bolt of Fire          Conj/Fire      ######....   1%          6    ######.

Your spell library contained the following spells:

 Spells                   Type           Power        Failure   Level  Hunger
 Conjure Ball Lightning   Conj/Air       #####.....   13%         6    ######.
 Magic Dart               Conj           ####         0%          1    None
 Searing Ray              Conj           ######       1%          2    None
 Dazzling Spray           Conj/Hex       #####.       1%          3    None
 Inner Flame              Hex/Fire       #####...     1%          3    None
 Mephitic Cloud           Conj/Pois/Air  ####....     1%          3    None
 Force Lance              Conj/Tloc      #####...     1%          4    ##.....
 Fulminant Prism          Conj/Hex       #####.....   1%          4    ##.....
 Iskenderun's Mystic Bla  Conj           ######..     1%          4    ##.....
 Bolt of Magma            Conj/Fire/Erth ######....   1%          5    ####...
 Corona                   Hex            ##.....      6%          1    None
 Summon Butterflies       Summ           ##......     6%          1    None
 Summon Small Mammal      Summ           ##..         6%          1    None
 Ensorcelled Hibernation  Hex/Ice        ##....       9%          2    None
 Call Canine Familiar     Summ           ##......     17%         3    None
 Confuse                  Hex            ##......     17%         3    None
 Tukima's Dance           Hex            ##......     17%         3    None
 Summon Ice Beast         Ice/Summ       ##......     50%         4    ##.....
 Summon Forest            Summ/Tloc      ##........   85%         5    ####...
 Summon Mana Viper        Hex/Summ       ##......     85%         5    ####...
 Summon Hydra             Summ           ##........   100%        7    #######


Dungeon Overview and Level Annotations

Branches:
Dungeon (13/15)            Temple (1/1) D:7            Lair (6/6) D:10
 Shoals (0/4) Lair:2        Snake (1/4) Lair:4        Slime (0/5) Lair:6
    Orc (2/2) D:10            Elf (0/3) Orc:2        Vaults (0/5) D:13

Altars:
Ashenzari
Cheibriados
Dithmenos
Elyvilon
Fedhas
Gozag
Hepliaklqana
Kikubaaqudgha
Makhleb
Nemelex Xobeh
Okawaru
Qazlal
Ru
Sif Muna
Trog
Uskayaw
Vehumet
Wu Jian
Xom
Yredelemnul
Zin
The Shining One
Beogh
Jiyva

Shops:
D:4 ?   D:10 *   Orc:2 ?[[([

Portals:
Trove: D:13 (give 2 scrolls of acquirement)

Annotations:
D:6 Grinder
D:7 1 runed door, MisterFreud's ghost, novice NaFE
D:8 3 runed doors, Ratty's ghost, novice DENe; mopl's ghost, novice OgFE
Lair:5 1 runed door, PeterMcNeter's ghost, journeyman OgFE
Snake:1 melvinkitnick's ghost, adept DsMo


Innate Abilities, Weirdness & Mutations

You are resistant to torment.
Your stone body is resilient. (AC +11)
You are immune to poison.
Your large and strong wings let you fly indefinitely.
You resist negative energy. (rN+)
You are resistant to electric shocks. (rElec)
You can survive without breathing.
You are immune to petrification.
You are immune to rotting.
You have very sharp teeth.
You are partially covered in large bone plates. (SH +4)
Your movements are slightly less encumbered by armour. (ER -2)


Message History

You hit melvinkitnick's ghost but do no damage.
Melvinkitnick's ghost is heavily damaged.
You hit melvinkitnick's ghost but do no damage.
You bite melvinkitnick's ghost, but do no damage.
Melvinkitnick's ghost is heavily damaged.
Melvinkitnick's ghost hits you!
You feel much better. Melvinkitnick's ghost hits you.
You whack melvinkitnick's ghost! You freeze melvinkitnick's ghost.
Your bite misses melvinkitnick's ghost.
Melvinkitnick's ghost is heavily damaged.
You completely miss melvinkitnick's ghost.
You bite melvinkitnick's ghost, but do no damage.
Melvinkitnick's ghost is heavily damaged.
Melvinkitnick's ghost hits you!!
You hit melvinkitnick's ghost but do no damage.
Melvinkitnick's ghost is heavily damaged.
Melvinkitnick's ghost hits you!
* * * LOW HITPOINT WARNING * * *
You feel yourself speed up. Melvinkitnick's ghost hits you!!!
You die...

### #### # ##
#(###...# ..
#.###)#..#.##
#.###..#.)(.###.##
#........##......##
.#..#......#(......#
.....#.......(##...#
........(.(.......##
................@..##
................W...#
..........#........##
..........##.......#
...........#.......#
...................##
.................##.#
.......##.##.....####
...#...##.##)..##.#


You could see melvinkitnick's ghost.

Vanquished Creatures
  Saint Roka (Orc:2)
  A minotaur (Gauntlet)
  An ettin (Orc:2)
  A fire dragon (Lair:6)
  7 hydras
  8 vault guards (D:13)
  Erica (D:10)
  A death knight (D:12)
  3 centaur warriors (D:13)
  A catoblepas (Lair:4)
  4 anacondas (Snake:1)
  3 two-headed ogres
  An orc high priest (Orc:2)
  An ogre mage (D:11)
  Urug (D:10)
  A naga sharpshooter (Snake:1)
  A shock serpent (Snake:1)
  A skeletal warrior (D:12)
  2 wizards (Gauntlet)
  A naga ritualist (Snake:1)
  2 orc knights (Orc:2)
  A lindwurm (Lair:6)
  A phantasmal warrior (D:12)
  A mana viper (Snake:1)
  2 wolf spiders (Lair:6)
  A manticore (D:11)
  2 orc sorcerers (Orc:2)
  A deep elf mage (D:12)
  A salamander (shapeshifter) (D:13)
  A cyclops (D:12)
  3 merfolk sirens (Lair:2)
  14 black mambas
  5 torpor snails (Lair:6)
  3 salamanders (Snake:1)
  An ice statue (Gauntlet)
  A guardian serpent (Lair:6)
  9 elephants
  Psyche (D:12)
  13 spiny frogs
  A hellion (Gauntlet)
  A redback zombie (D:13)
  5 komodo dragons
  6 rime drakes
  A freezing wraith (D:12)
  A merfolk (Lair:2)
  4 tyrant leeches (Lair:6)
  6 trolls
  7 hornets (Lair:6)
  Prince Ribbit (D:6)
  12 blink frogs
  12 dream sheep
  7 hippogriffs
  13 wyverns
  5 redbacks (Lair:6)
  35 yaks
  2 basilisks
  A hungry ghost (D:10)
  A human (D:8)
  3 wargs (Orc:2)
  A naga (Snake:1)
  21 water moccasins
  4 porcupines
  2 sky beasts
  2 black bears
  4 ice beasts
  2 swamp drakes
  4 phantoms
  28 orc warriors
  2 necrophages
  19 ogres
  An eye of draining (D:11)
  15 centaurs
  13 wolves
  4 crocodiles
  3 big kobolds
  15 bullfrogs
  3 wyvern skeletons
  A troll zombie (D:10)
  2 scorpions
  5 killer bees (D:9)
  A wight (D:11)
  6 howler monkeys
  An electric eel (Lair:1)
  2 crimson imps
  4 centaur zombies
  2 bullfrog zombies
  5 jellies
  21 orc priests
  10 hounds
  A bullfrog skeleton (D:10)
  3 centaur skeletons
  A gnoll shaman (Orc:1)
  6 iguanas
  8 worker ants
  24 orc wizards
  A killer bee zombie (D:7)
  5 ogre zombies (D:10)
  3 hound skeletons
  A hound zombie (D:8)
  A howler monkey zombie (D:11)
  4 gnolls (Orc:1)
  22 adders
  5 shadow imps (Gauntlet)
  A white imp (Gauntlet)
  An adder zombie (D:8)
  An adder skeleton (D:4)
  4 worms
  5 dart slugs
  10 leopard geckos
  101 orcs
  4 giant cockroaches
  7 goblins
  13 hobgoblins
  10 jackals
  24 kobolds
  4 quokkas
  3 ball pythons
  8 bats
  3 frilled lizards
  A goblin skeleton (D:10)
  A hobgoblin zombie (D:10)
  A leopard gecko skeleton (D:5)
  An orc skeleton (D:10)
  15 orc zombies (D:10)
  2 quokka skeletons
  A quokka zombie (D:5)
  5 rats
  2 plants
744 creatures vanquished.

Vanquished Creatures (others)
  A rat (D:3)
  11 fungi
  54 plants
66 creatures vanquished.

Grand Total: 810 creatures vanquished

Notes
Turn   | Place    | Note
-------+----------+-------------------------------------------
     0 | D:1      | Slobodan the Gargoyle Fire Elementalist began the quest for
                  | the Orb.
     0 | D:1      | Reached XP level 1. HP: 10/10 MP: 3/3
     1 | D:1      | Noticed an electric eel
   160 | D:1      | Reached XP level 2. HP: 14/15 MP: 0/5
   644 | D:1      | Reached XP level 3. HP: 12/19 MP: 0/6
   779 | D:1      | Learned a level 2 spell: Throw Flame
   783 | D:1      | Learned a level 3 spell: Conjure Flame
  1320 | D:2      | Reached skill level 1 in Fighting
  1442 | D:2      | Reached XP level 4. HP: 25/25 MP: 4/7
  1908 | D:3      | Found a basalt altar of Yredelemnul.
  1925 | D:3      | Reached XP level 5. HP: 30/30 MP: 3/8
  2998 | D:3      | Found a white marble altar of Elyvilon.
  3209 | D:4      | Found Novemm's Magic Scroll Boutique.
  3220 | D:4      | Bought a scroll of identify for 22 gold pieces
  3220 | D:4      | Bought a scroll of magic mapping for 38 gold pieces
  3220 | D:4      | Bought a scroll of blinking for 82 gold pieces
  3220 | D:4      | Bought a scroll of amnesia for 38 gold pieces
  3220 | D:4      | Bought a scroll of identify for 22 gold pieces
  3342 | D:4      | Reached XP level 6. HP: 36/36 MP: 0/9
  3449 | D:4      | Got a faintly glowing robe
  3465 | D:4      | Identified the +3 robe of Boigor {Str+5 Int+3} (You found
                  | it on level 4 of the Dungeon)
  3634 | D:4      | Found a hide-covered altar of Uskayaw.
  4213 | D:4      | Noticed a porcupine
  4213 | D:4      | an orc priest changed into a porcupine
  4228 | D:4      | Killed a porcupine
  4228 | D:4      | Reached XP level 7. HP: 41/41 MP: 4/11
  4324 | D:4      | Learned a level 4 spell: Sticky Flame
  4325 | D:5      | Entered Level 5 of the Dungeon
  4340 | D:5      | Reached skill level 5 in Fire Magic
  4500 | D:5      | Found a stormy altar of Qazlal.
  4525 | D:5      | You fall through a shaft for 3 floors!
  4525 | D:8      | Found a runed gate.
  4525 | D:8      | Found a runed gate.
  4525 | D:8      | Found a runed gate.
  4613 | D:7      | Found a staircase to the Ecumenical Temple.
  4633 | D:6      | Noticed Edmund
  4640 | Temple   | Entered the Ecumenical Temple
  4701 | Temple   | Became a worshipper of Vehumet
  4909 | D:6      | Noticed Grinder
  5094 | D:7      | Found a runed door.
  5102 | D:7      | Reached skill level 5 in Conjurations
  5152 | D:7      | Reached XP level 8. HP: 48/48 MP: 0/12
  5254 | D:7      | Noticed MisterFreud's ghost (novice NaFE)
  5457 | D:5      | Reached skill level 5 in Fighting
  5479 | D:5      | Found an opulent altar of Gozag.
  5622 | D:5      | Reached * piety under Vehumet
  5622 | D:5      | Offered knowledge of Sting by Vehumet.
  6105 | D:5      | Upgraded the game from 0.23-a0-550-g7de1f8e to
                  | 0.23-a0-554-gd3cbc84
  6230 | D:6      | Noticed Edmund
  6230 | D:6      | Edmund changed into Edmund the swamp drake
  6242 | D:6      | Killed Edmund the swamp drake
  6390 | D:6      | Found a deep blue altar of Sif Muna.
  6460 | D:6      | Reached XP level 9. HP: 53/56 MP: 2/13
  6806 | D:6      | Noticed Prince Ribbit
  6811 | D:6      | Killed Prince Ribbit
  7224 | D:7      | Offered knowledge of Freeze by Vehumet.
  7280 | D:7      | Reached ** piety under Vehumet
  7399 | D:8      | Got a jewelled dagger
  7400 | D:8      | Identified the cursed +1 dagger "Jurokh" {speed, rC++} (You
                  | found it on level 8 of the Dungeon)
  7491 | D:8      | Noticed Ratty's ghost (novice DENe)
  7492 | D:8      | Noticed mopl's ghost (novice OgFE)
  8063 | D:9      | Noticed a two-headed ogre
  8253 | D:9      | Reached XP level 10. HP: 64/64 MP: 10/15
  8300 | D:9      | Learned a level 5 spell: Fireball
  8309 | D:9      | Killed a two-headed ogre
  8309 | D:9      | Offered knowledge of Ignite Poison by Vehumet.
  8638 | D:9      | Reached *** piety under Vehumet
  9067 | D:10     | Entered Level 10 of the Dungeon
  9143 | D:10     | Reached skill level 5 in Spellcasting
  9164 | D:10     | Offered knowledge of Static Discharge by Vehumet.
  9591 | D:10     | Noticed a two-headed ogre
  9625 | D:10     | Killed a two-headed ogre
  9745 | D:10     | Noticed Grum
  9751 | D:10     | Noticed Grum
  9751 | D:10     | Grum changed into Grum the swamp drake
  9765 | D:10     | Killed Grum the swamp drake
  9765 | D:10     | Reached XP level 11. HP: 70/71 MP: 2/19
  9928 | D:10     | Found Joukk's General Store.
 10083 | D:10     | Noticed Urug
 10216 | D:10     | Reached **** piety under Vehumet
 10242 | D:10     | Offered knowledge of Airstrike by Vehumet.
 10577 | D:10     | Found a staircase to the Orcish Mines.
 10650 | D:10     | Killed Urug
 10650 | D:10     | Reached skill level 10 in Conjurations
 10803 | D:10     | Noticed Erica
 10810 | D:10     | Killed Erica
 10810 | D:10     | Reached skill level 10 in Fighting
 10890 | D:10     | Found a staircase to the Lair.
 11166 | Lair:1   | Entered Level 1 of the Lair of Beasts
 11174 | D:10     | Reached skill level 10 in Fire Magic
 11339 | Lair:1   | Noticed a seven-headed hydra
 11356 | Lair:1   | Killed a seven-headed hydra
 11356 | Lair:1   | Reached ***** piety under Vehumet
 11543 | Lair:1   | Gained mutation: You have very sharp teeth. [potion of
                  | mutation]
 11543 | Lair:1   | Gained mutation: You are partially covered in large bone
                  | plates. (SH +4) [potion of mutation]
 11543 | Lair:1   | Gained mutation: Your movements are slightly less
                  | encumbered by armour. (ER -2) [potion of mutation]
 11561 | Lair:1   | Noticed a six-headed hydra
 11579 | Lair:1   | Killed a six-headed hydra
 11579 | Lair:1   | Reached skill level 1 in Maces & Flails
 11868 | Lair:1   | Offered knowledge of Olgreb's Toxic Radiance by Vehumet.
 11923 | Lair:1   | Reached XP level 12. HP: 49/79 MP: 6/22
 12287 | Lair:2   | Noticed a catoblepas
 12356 | Lair:2   | Found a staircase to the Shoals.
 12853 | Lair:2   | Noticed a five-headed hydra
 12890 | Lair:2   | Killed a five-headed hydra
 13667 | Lair:3   | Noticed a five-headed hydra
 13674 | Lair:3   | Killed a five-headed hydra
 13802 | Lair:3   | You fall through a shaft!
 14176 | Lair:4   | Reached XP level 13. HP: 73/85 MP: 18/25
 14256 | Lair:4   | Reached skill level 5 in Maces & Flails
 14470 | Lair:4   | Offered knowledge of Yara's Violent Unravelling by Vehumet.
 14869 | Lair:4   | You fall through a shaft for 2 floors!
 14869 | Lair:6   | Entered Level 6 of the Lair of Beasts
 14906 | Lair:5   | Found a runed door.
 14906 | Lair:5   | Noticed PeterMcNeter's ghost (journeyman OgFE)
 15147 | Lair:4   | Found a staircase to the Snake Pit.
 16258 | Lair:6   | Got an ancient bone ring
 16259 | Lair:6   | Identified the ring "Effis" {rF++ Int-4 Dex+4 SInv Stlth+}
                  | (You found it on level 6 of the Lair of Beasts)
 16301 | Lair:6   | Found a viscous altar of Jiyva.
 16301 | Lair:6   | Found a staircase to the Slime Pits.
 16360 | Lair:6   | Offered knowledge of Bolt of Fire by Vehumet.
 16368 | Lair:6   | Learned a level 6 spell: Bolt of Fire
 16538 | Lair:6   | Gained mutation: Your large and strong wings let you fly
                  | indefinitely. [Gargoyle growth]
 16538 | Lair:6   | Reached XP level 14. HP: 92/92 MP: 25/27
 17315 | Lair:6   | Reached skill level 1 in Shields
 17424 | Lair:6   | Found a runed door.
 17895 | Orc:1    | Entered Level 1 of the Orcish Mines
 17947 | Orc:2    | Entered Level 2 of the Orcish Mines
 18144 | Orc:2    | Found a roughly hewn altar of Beogh.
 18151 | Orc:2    | Found Imecwaow's Magic Scroll Boutique.
 18166 | Orc:2    | Bought a scroll of identify for 20 gold pieces
 18166 | Orc:2    | Bought a scroll of identify for 20 gold pieces
 18166 | Orc:2    | Bought a scroll of fog for 20 gold pieces
 18166 | Orc:2    | Bought a scroll of identify for 20 gold pieces
 18166 | Orc:2    | Bought a scroll of identify for 20 gold pieces
 18166 | Orc:2    | Bought a scroll of identify for 20 gold pieces
 18166 | Orc:2    | Bought a scroll of teleportation for 30 gold pieces
 18287 | Orc:2    | Found a roughly hewn altar of Beogh.
 18358 | Orc:2    | Found a roughly hewn altar of Beogh.
 18395 | Orc:2    | Found Vuluter's Armour Shoppe.
 18409 | Orc:2    | Bought a +2 cloak for 181 gold pieces
 18641 | Orc:2    | Found a staircase to the Elven Halls.
 18641 | Orc:2    | Found Busch's Antique Armour Boutique.
 18656 | Orc:2    | Bought a pair of glowing gloves for 262 gold pieces
 18679 | Orc:2    | Bought an ichor-stained leather armour for 245 gold pieces
 18679 | Orc:2    | Identified the +3 leather armour of Forking Paths {Stlth+}
                  | (You bought it in a shop on level 2 of the Orcish Mines)
 19099 | Orc:2    | Found a roughly hewn altar of Beogh.
 19100 | Orc:2    | Reached ****** piety under Vehumet
 19100 | Orc:2    | Offered knowledge of Bolt of Cold by Vehumet.
 19138 | Orc:2    | Found a roughly hewn altar of Beogh.
 19252 | Orc:2    | Found a roughly hewn altar of Beogh.
 19616 | Orc:2    | Noticed Saint Roka
 19689 | Orc:2    | Killed Saint Roka
 19689 | Orc:2    | Reached XP level 15. HP: 28/99 MP: 22/28
 20011 | Orc:2    | Found Omnocwawn's Antique Weapon Boutique.
 20012 | Orc:2    | Found a roughly hewn altar of Beogh.
 20017 | Orc:2    | Found Caotoog's Antique Armour Shop.
 20036 | Orc:2    | Bought a faintly glowing leather armour for 189 gold pieces
 20036 | Orc:2    | Identified the cursed +1 leather armour of Untruth {rPois
                  | Regen+ Str+3} (You bought it in a shop on level 2 of the
                  | Orcish Mines)
 20406 | D:11     | Reached skill level 5 in Dodging
 20468 | D:11     | Identified Nief's Compendium of Creative Confrontation
 20475 | D:11     | Found the +3 warlock's mirror {reflect}
 20566 | D:11     | Offered knowledge of Conjure Ball Lightning by Vehumet.
 20695 | D:12     | Found a gate leading to a gauntlet.
 20710 | Gauntlet | Entered a Gauntlet
 20710 | Gauntlet | Found a transporter.
 20710 | Gauntlet | Found a transporter.
 20715 | Gauntlet | Found a transporter.
 20730 | Gauntlet | Found a transporter.
 20744 | Gauntlet | Found a transporter.
 20754 | Gauntlet | Found the cursed necklace of Bloodlust {*Rage +Rage MR++
                  | Int-3 Slay+6 *Curse}
 20760 | Gauntlet | Found a transporter.
 20853 | Gauntlet | Found a transporter.
 20853 | Gauntlet | Found a transporter.
 20863 | Gauntlet | Found a transporter.
 20873 | Gauntlet | Found a transporter.
 20873 | Gauntlet | Found a transporter.
 20898 | Gauntlet | Found a transporter.
 20905 | Gauntlet | Found a transporter.
 20940 | Gauntlet | Found a transporter.
 20979 | Gauntlet | Found a transporter.
 20995 | Gauntlet | Found a transporter.
 21273 | Gauntlet | Got an ichor-stained hat
 21284 | Gauntlet | Identified the +2 hat of Impermeability {rC+} (You found it
                  | in a Gauntlet)
 21319 | Gauntlet | Identified the +5 mace "Irisit" {crush, Str-5 Int+4 Stlth+}
                  | (You found it in a Gauntlet)
 21324 | Gauntlet | Got a heavily runed amber ring
 21325 | Gauntlet | Identified the ring "Kaxoun" {rF+ rN++ MR+ Str+3 Dex-4}
                  | (You found it in a Gauntlet)
 21431 | Gauntlet | Identified the ring "Najuma" {rC+ Dex+2}
 21507 | D:12     | Noticed Psyche
 21523 | D:12     | Killed Psyche
 21601 | D:12     | Reached skill level 1 in Evocations
 21845 | D:12     | Upgraded the game from 0.23-a0-554-gd3cbc84 to
                  | 0.23-a0-558-g30802b1
 22242 | D:13     | Found a gate to the Vaults.
 22435 | D:13     | Found a white marble altar of Elyvilon.
 22638 | D:13     | Found a portal to a secret trove of treasure.
 22641 | D:13     | Upgraded the game from 0.23-a0-558-g30802b1 to
                  | 0.23-a0-639-ga9a3373
 22857 | Snake:1  | Entered Level 1 of the Snake Pit
 23025 | Snake:1  | Found a runed gate.
 23025 | Snake:1  | Found a runed gate.
 23075 | Snake:1  | Found a runed gate.
 23075 | Snake:1  | Noticed melvinkitnick's ghost (adept DsMo)
 23550 | Snake:1  | Mangled by melvinkitnick's ghost

Vault maps used:
D:1:      arrival_aquarium_a, minmay_fountain_box, bh_walls_and_bars
D:3:      minmay_chambers_of_twos, elyvilon_altar_4, first_ration,
          yredelemnul_altar_generic
D:4:      eat_drink_and_be_merry_uskayaw, serial_shops, shop, minmay_ruptured
D:5:      nicolae_gozag_cash_rules_everything_around_me,
          nicolae_qazlal_general_emergency
D:6:      tgw_sif, grunt_ministairs_15, uniq_prince_ribbit1, uniq_grinder,
          uniq_edmund
D:7:      minmay_temple_entry_trees, ebering_ghost_reflecting_pool
D:8:      lemuel_ice_spiral_2, gammafunk_ghost_cemetery, grunt_pizzeria
D:10:     lair_entry_dummy, zombieorc1_lemuel, serial_shops, shop, uniq_erica,
          uniq_grum, uniq_urug
D:11:     minmay_pinched_square
D:12:     gauntlet_entry_generic, kennysheep_doodads, lemuel_nasty_fountain,
          uniq_psyche
D:13:     erik_vaults_2, trove_entry_hex_spiral, basic_altar,
          minmay_misc_feat_chi
Temple:   compressed_dpeg_circular_temple
Lair:1:   serial_bayou_ford_a, grunt_megastairs_3
Lair:2:   elwin_shoals_entry_stream
Lair:4:   minmay_snake_entry_six_corridors
Lair:5:   hellmonk_ghost_happy_afterlife, serial_bayou_shore_b
Lair:6:   hangedman_lair_tendril_chambers, wormcave, slime_altar_1,
          infiniplex_staircase_pool_2
Snake:1:  ebering_ghost_rock_garden, st_stairs_14
Orc:1:    minmay_goldmine
Orc:2:    grunt_orc_community_town_hall, grunt_orc_community_big_house_2,
          grunt_orc_community_big_house_2, grunt_orc_community_house_1,
          grunt_orc_community_house_2, grunt_orc_community_house_1,
          grunt_orc_community_house_1, grunt_orc_community_house_1,
          grunt_orc_community_house_1, serial_shops, nicolae_shop_waterfront
Gauntlet: gammafunk_gauntlet_branching

Skill      XL: |  1  2  3  4  5  6  7  8  9 10 11 12 13 14 15 |
---------------+----------------------------------------------+-----
Fighting       | 1 2 3 4 6 8 9 10 11 12 13 14 | 14.1
Conjurations   | 2 3 4 5 6 8 9 10 11 12 13 14 | 14.3
Fire Magic     | 4 5 7 8 9 10 11 12 13 | 13.7
Spellcasting   | 3 5 7 8 9 |  9.2
Maces & Flails | 2 4 6 8 9 |  9.6
Dodging        | 2 4 5 |  5.0
Shields        | 3 4 |  4.0
Evocations     | 3 |  3.1
Stealth        | 4 |  4.9

Action                   |  1- 3 |  4- 6 |  7- 9 | 10-12 | 13-15 || total
-------------------------+-------+-------+-------+-------+-------++-------
Melee: Club              |     3 |       |       |       |       ||     3
       Whip              |    16 |       |       |       |       ||    16
       Dagger            |     6 |    33 |    95 |    66 |       ||   200
       Trident           |       |    35 |       |       |       ||    35
       Demon whip        |       |       |       |   119 |   763 ||   882
       Bite              |       |       |       |    20 |    68 ||    88
 Fire: Hunting sling     |       |    25 |   207 |   118 |     2 ||   352
Throw: Stone             |     9 |    45 |       |       |       ||    54
       Javelin           |       |     2 |    13 |    12 |    57 ||    84
 Cast: Flame Tongue      |    66 |    86 |   128 |   262 |   141 ||   683
       Throw Flame       |       |    18 |    26 |    50 |    50 ||   144
       Conjure Flame     |       |     8 |    11 |    14 |    14 ||    47
       Sticky Flame      |       |       |    18 |    91 |   150 ||   259
       Fireball          |       |       |       |     7 |    57 ||    64
       Bolt of Fire      |       |       |       |       |     9 ||     9
 Abil: Fly               |       |       |       |       |     1 ||     1
Evoke: Wand              |       |     1 |     6 |    20 |    17 ||    44
       Lightning rod     |       |       |       |       |     8 ||     8
  Use: Scroll            |       |    11 |    13 |     6 |    22 ||    52
       Potion            |       |       |     1 |     3 |    12 ||    16
 Stab: Paralysed         |       |       |       |       |     4 ||     4
       Sleeping          |       |       |       |       |     6 ||     6
       Invisible         |       |       |       |       |     1 ||     1
  Eat: Chunk             |     3 |     8 |    15 |    22 |    39 ||    87
       Ration            |       |     1 |     1 |     2 |     4 ||     8
Armor: Robe              |    14 |    19 |    93 |    97 |   218 ||   441
       Skin              |       |       |     1 |       |       ||     1
Dodge: Dodged            |    31 |    22 |   170 |   222 |   361 ||   806
Block: Other             |       |       |       |    19 |    43 ||    62
       Buckler           |       |       |       |       |   189 ||   189
       Reflection        |       |       |       |       |    20 ||    20

Table legend:
 A = Non-vault XP
 B = Vault XP
 C = Vault XP percentage of total XP
 D = Non-vault monster count
 E = Vault monster count
 F = Vault count percentage of total count
                 A         B        C        D         E       F
            +---------+---------+-------+---------+---------+-------
      Total |   78142 |   50052 |  39.0 |     507 |     235 |  31.7
            +---------+---------+-------+---------+---------+-------
        D:1 |      54 |       0 |   0.0 |      28 |       0 |   0.0
        D:2 |     108 |       0 |   0.0 |      27 |       0 |   0.0
        D:3 |      43 |      22 |  33.8 |      14 |       8 |  36.4
        D:4 |     466 |       3 |   0.6 |      20 |       1 |   4.8
        D:5 |     655 |       0 |   0.0 |      19 |       0 |   0.0
        D:6 |     755 |     491 |  39.4 |      13 |       4 |  23.5
        D:7 |     930 |       0 |   0.0 |      34 |       0 |   0.0
        D:8 |     652 |     196 |  23.1 |      14 |       1 |   6.7
        D:9 |    2667 |       0 |   0.0 |      32 |       0 |   0.0
       D:10 |    3600 |    2873 |  44.4 |      38 |      33 |  46.5
       D:11 |    1247 |    3683 |  74.7 |      16 |      15 |  48.4
       D:12 |    5422 |     418 |   7.2 |      19 |       1 |   5.0
       D:13 |    6344 |    7954 |  55.6 |      25 |       8 |  24.2
     Lair:1 |    5917 |     145 |   2.4 |      24 |       1 |   4.0
     Lair:2 |    3238 |    1691 |  34.3 |      12 |       4 |  25.0
     Lair:3 |    6253 |       0 |   0.0 |      25 |       0 |   0.0
     Lair:4 |    6721 |    1133 |  14.4 |      21 |      12 |  36.4
     Lair:5 |    9290 |       0 |   0.0 |      27 |       0 |   0.0
     Lair:6 |    8027 |   15485 |  65.9 |      30 |      48 |  61.5
    Snake:1 |   10604 |     473 |   4.3 |      17 |       1 |   5.6
      Orc:1 |    1768 |     201 |  10.2 |      26 |      11 |  29.7
      Orc:2 |    3381 |   10998 |  76.5 |      26 |      74 |  74.0
   Gauntlet |       0 |    4286 | 100.0 |       0 |      13 | 100.0
            +---------+---------+-------+---------+---------+-------
